 Dungeon Crawl Stone Soup version 0.25-a0-1079-g858b6a6ff6 (webtiles) character file.

Game seed: 4162423497042534881, levelgen mode: classic

11 Amnesiac the Skirmisher (level 2, 0/18 HPs)
             Began as a Deep Elf Fighter on May 15, 2020.
             Succumbed to an adder's poison
             ... on level 2 of the Dungeon.
             The game lasted 00:00:28 (139 turns).

Amnesiac the Skirmisher (Deep Elf Fighter)           Turns: 139, Time: 00:00:29

Health: 0/18       AC:  6    Str: 13    XL:     2   Next: 17%
Magic:  4/4        EV:  6    Int: 12    God:
Gold:   22         SH:  8    Dex: 14    Spells: 1/1 levels left

rFire    . . .     SeeInvis .   a - +0 war axe
rCold    . . .     Gourm    .   c - +0 kite shield
rNeg     . . .     Faith    .   b - +0 scale mail
rPois    .         Spirit   .   (no helmet)
rElec    .         Reflect  .   (no cloak)
rCorr    .         Harm     .   (no gloves)
MR       .....                  (no boots)
Stlth    ..........             (no amulet)
HPRegen  0.06/turn              (no ring)
MPRegen  0.09/turn              (no ring)

@: lethally poisoned (0 -> -3)
A: no striking features
a: no special abilities


You were on level 2 of the Dungeon.
You were not hungry.

You visited 1 branch of the dungeon, and saw 2 of its levels.

You collected 22 gold pieces.

Inventory:

Hand Weapons
 a - a +0 war axe (weapon)
Armour
 b - a +0 scale mail (worn)
 c - a +0 kite shield (worn)
Jewellery
 e - an uncursed ring of protection from magic {unknown}
Potions
 d - a potion of might {!q}
Comestibles
 f - a ration
 g - 3 chunks of flesh


   Skills:
 + Level 2.8 Fighting
 - Level 2.0 Axes
 - Level 2.4 Armour
 - Level 2.4 Shields


You had one spell level left.
You didn't know any spells.
Your spell library was empty.

Dungeon Overview and Level Annotations

Branches:
Dungeon (2/15)

Altars:


Message History

a chunk of flesh; a rat skeleton
g - 3 chunks of flesh (gained 1)
The adder barely misses you.
You closely miss the adder. The adder bites you.
You miss the adder. The adder bites you.
The adder bites you but does no damage.
You hit the adder but do no damage.
The adder bites you but does no damage. x2
You hit the adder.
The adder is moderately wounded.
The adder closely misses you. You block the adder's attack.
You barely miss the adder.
The adder is moderately wounded.
You block the adder's attack. The adder barely misses you.
You barely miss the adder.
The adder is moderately wounded.
The adder bites you. You block the adder's attack.
You barely miss the adder.
The adder is moderately wounded.
The adder bites you but does no damage. The adder bites you.
* * * LOW HITPOINT WARNING * * *
You slash the adder!
The adder is almost dead.
The adder barely misses you. The adder bites you but does no damage.
You miss the adder.
The adder is almost dead.
You block the adder's attack. x2
Your scale mail prevents you from hitting the adder.
The adder is almost dead.
The adder bites you.
* * * LOW HITPOINT WARNING * * *
You are lethally poisoned!
The adder poisons you! The adder bites you.
* * * LOW HITPOINT WARNING * * *
You are too injured to fight recklessly!
You are too injured to fight recklessly!
You are too injured to fight recklessly!
You are too injured to fight recklessly!
You miss the adder.
The adder is almost dead.
* * * LOW HITPOINT WARNING * * *
You feel sick. The adder bites you but does no damage.
Unknown command.
You hit the adder.
You kill the adder!
Training target 2.0 for Axes reached!
Your Axes skill increases to level 2!
You need to enable at least one skill for training.
You have reached level 2!
* * * LOW HITPOINT WARNING * * *
You feel sick.
Okay, then.
* * * LOW HITPOINT WARNING * * *
You feel sick.
Found a ring mail.
Found 17 stones.
A dart slug comes into view.
The dart slug launches a dart at you. The slug dart misses you.
* * * LOW HITPOINT WARNING * * *
You feel sick.
An adder comes into view.
The adder hisses angrily.
You closely miss the adder.
You die...

.... .... #..#
#..# #..# .(#
#S# #@# #.#
##### ##
#.##...w
##..###.#..#####
.[..............
........########
#######.# #.#
#.#


You could see an adder.

Vanquished Creatures
  An adder (D:2)
  A bat (D:2)
  2 rats
4 creatures vanquished.

Notes
Turn   | Place    | Note
-------+----------+-------------------------------------------
     0 | D:1      | Amnesiac the Deep Elf Fighter began the quest for the Orb.
     0 | D:1      | Reached XP level 1. HP: 13/13 MP: 3/3
   129 | D:2      | Reached XP level 2. HP: 4/18 MP: 4/4
   139 | D:2      | Succumbed to an adder's poison

Illustrated notes

Levels and vault maps discovered:
D:1:      nagdon_arrival_double_spiral, layout_loops_ring
D:2:      layout_rooms, first_ration

Skill      XL: |  1 |
---------------+----+-----
Axes           | 2 |  2.0
Fighting       | |  2.8
Armour         | |  2.4
Shields        | |  2.4

Action                   || total
-------------------------++-------
Melee: War axe           ||    18
Armor: Scale mail        ||     9
Dodge: Dodged            ||     8
Block: Kite shield       ||     8

Table legend:
 A = Non-vault XP
 B = Vault XP
 C = Vault XP percentage of total XP
 D = Non-vault monster count
 E = Vault monster count
 F = Vault count percentage of total count
                 A         B        C        D         E       F
            +---------+---------+-------+---------+---------+-------
      Total |      17 |       0 |   0.0 |       4 |       0 |   0.0
            +---------+---------+-------+---------+---------+-------
        D:1 |       1 |       0 |   0.0 |       1 |       0 |   0.0
        D:2 |      16 |       0 |   0.0 |       3 |       0 |   0.0
            +---------+---------+-------+---------+---------+-------
